 Dungeon Crawl Stone Soup version 0.30.1 (webtiles) character file.

Game seed: 3716172834810342471

128 Sabo the Chopper (level 5, 0/49 HPs)
             Began as a Naga Monk on July 8, 2023.
             Killed by nerve-wracking pain
             ... invoked by an orc priest
              (12 damage)
             ... on level 3 of the Dungeon.
             The game lasted 00:10:31 (2360 turns).

Sabo the Chopper (Naga Monk)                        Turns: 2360, Time: 00:10:32

Health: 0/49       AC:  6    Str: 13    XL:     5   Next: 11%
Magic:  5/5        EV:  5    Int: 11    God:
Gold:   77         SH:  0    Dex: 15    Spells: 4/4 levels left

rFire   . . .        a - +0 hand axe
rCold   . . .        d - orb {light}
rNeg    . . .        h - +0 chain mail
rPois   +            (no helmet)
rElec   .            (no cloak)
rCorr   .            (no gloves)
SInv    +            (no barding)
Will    .....        (no amulet) Stlth
                     (no ring)
HPRegen 0.28/turn    (no ring)
MPRegen 0.09/turn

%: no passive effects
@: confused, glowing, very slow
A: AC +1, large, see invisible, deformed body, poison resistance, slowness 2,
spit poison 1, naga tail 1
a: Spit Poison


You were on level 3 of the Dungeon.
You visited 1 branch of the dungeon, and saw 3 of its levels.

You collected 77 gold pieces.

Inventory:

Hand Weapons
 a - a +0 hand axe (weapon)
 e - a +0 sling
Armour
 d - an orb of light (worn)
 h - a +0 chain mail (worn)
Scrolls
 f - a scroll of identify {unknown}
 i - a scroll of amnesia {unknown}
 j - a scroll of immolation {unknown}
 k - a scroll of teleportation
 l - a scroll of magic mapping {unknown}
Potions
 b - a potion of heal wounds {unknown}
 g - a potion of mutation {unknown}


   Skills:
 + Level 3.5 Fighting
 + Level 4.3 Axes
 + Level 1.7 Armour
 + Level 2.8 Dodging


You had 4 spell levels left.
You didn't know any spells.
Your spell library contained the following spells:

 Spells                   Type           Power      Damage    Failure   Level
 Cigotuvi's Dreadful Rot  Necr/Pois/Air  0%         N/A       100%        2
 Dispel Undead            Necr           0%         3d6       100%        4
 Death Channel            Necr           0%         N/A       100%        6


Dungeon Overview and Level Annotations

Branches:
Dungeon (3/15)

Altars:


Innate Abilities, Weirdness & Mutations

Your serpentine skin is tough. (AC +1)
You have supernaturally acute eyesight. (SInv)
Armour fits poorly on your strangely shaped body.
Your system is resistant to poisons. (rPois)
You cover ground very slowly.
You can spit poison.
You have a snake-like lower body.


Message History

You kill the orc!
You hit the orc priest.
You hit the orc wizard but do no damage.
The orc wizard hits you with a +0 dagger.
The orc hits you with a +0 trident. The orc priest barely misses you.
You hit the orc but do no damage.
The orc is moderately wounded.
You hit the orc priest but do no damage.
You hit the orc wizard but do no damage.
The orc priest hits you with a +0 flail.
The orc hits you with a +0 trident.
The orc wizard points at you and mumbles some strange words.
You resist with some effort.
You hit the orc but do no damage.
The orc is moderately wounded.
You hit the orc priest but do no damage.
You hit the orc wizard but do no damage.
The orc priest calls upon Beogh to heal the orc.
The orc's wounds heal themselves!
The orc wizard hits you but does no damage.
The orc hits you with a +0 trident.
* * * LOW HITPOINT WARNING * * *
You hit the orc but do no damage. You hit the orc priest.
You hit the orc wizard. The orc hits you but does no damage.
The orc wizard gestures at you while chanting.
You are confused.
The orc priest hits you with a +0 flail.
* * * LOW HITPOINT WARNING * * *
You hit the orc but do no damage. You closely miss the orc wizard.
You closely miss the orc priest.
The orc priest hits you but does no damage.
The orc barely misses you.
The orc wizard points at you and mumbles some strange words.
You resist with some effort.
Unknown command.
You completely miss the orc. You hit the orc wizard.
You hit the orc priest but do no damage.
The orc priest mumbles some strange prayers to Beogh against you.
Pain shoots through your body!
You die...

####..
........#
......
.)......#
.....##.......#
#..........(+
#...........#
#...........#
#.#.#...?...#
#.oo#######
#.#.o@####.#
#....).....#
###.######.# #.
#. .. #.


You could see an orc priest, an orc wizard (invisible) and an orc.

Vanquished Creatures
  3 gnolls (D:2)
  5 adders (D:2)
  A worm (D:2)
  A dart slug (D:2)
  2 orcs (D:3)
  5 bats
  An endoplasm (D:2)
  3 giant cockroaches
  7 goblins
  6 hobgoblins
  2 quokkas (D:1)
  5 ball pythons
  2 frilled lizards
  3 kobolds
  2 rats
48 creatures vanquished.

Notes
Turn   | Place    | Note
-------+----------+-------------------------------------------
     0 | D:1      | Sabo the Naga Monk began the quest for the Orb.
     0 | D:1      | Reached XP level 1. HP: 21/21 MP: 1/1
    72 | D:1      | Reached XP level 2. HP: 16/28 MP: 2/2
   873 | D:1      | Reached XP level 3. HP: 33/34 MP: 3/3
  1159 | D:2      | Reached skill level 1 in Armour
  1226 | D:2      | Reached skill level 4 in Axes
  1226 | D:2      | Reached XP level 4. HP: 25/42 MP: 4/4
  2055 | D:2      | Reached XP level 5. HP: 46/49 MP: 5/5
  2360 | D:3      | Killed from afar by an orc priest

Illustrated notes

Levels and vault maps discovered:
D:1:      lemuel_arrival_hallway, layout_loops_ring
D:2:      layout_basic
D:3:      layout_basic, nicolae_uskayaw_murder_on_the_dancefloor,
          cheibrodos_sewer_entry_bend, grunt_ministairs_4, uniq_robin,
          uniq_sigmund

Skill      XL: |  1  2  3 |
---------------+----------+-----
Armour         | 1 |  1.7
Axes           | 4 |  4.3
Fighting       | |  3.5
Dodging        | |  2.8

Action                     |  1- 3 |  4- 6 || total
---------------------------+-------+-------++-------
  Melee: Hand axe          |    83 |    59 ||   142
Ability: Spit Poison       |     9 |     7 ||    16
    Use: Scroll            |     1 |     1 ||     2
         Potion            |       |     1 ||     1
 Armour: Robe              |     2 |       ||     2
         Chain mail        |    33 |    45 ||    78
         Ring mail         |     4 |       ||     4
  Dodge: Dodged            |    28 |    27 ||    55
